 Dungeon Crawl Stone Soup version 0.31.0-11-ge490571c62 (webtiles) character file.

Game seed: 9788822299400410625

961 qw the Skirmisher (level 7, -3/35 HPs)
             Began as a Spriggan Hunter on Feb 3, 2024.
             Slain by Duvessa
             ... wielding a +0 short sword
              (7 damage)
             ... on level 6 of the Dungeon.
             The game lasted 00:00:17 (4010 turns).

qw the Skirmisher (Spriggan Hunter)                 Turns: 4010, Time: 00:00:18

Health: -3/35      AC:  3    Str:  7    XL:     7   Next: 92%
Magic:  8/8        EV: 22    Int: 11    God:
Gold:   306        SH:  0    Dex: 20    Spells: 6/6 levels left

rFire   . . .        j - +1 orcbow (freeze)
rCold   + . .        (shield currently unavailable)
rNeg    + . .        a - +1 robe {rC+}
rPois   .            (helmet restricted)
rElec   .            (no cloak)
rCorr   .            (gloves unavailable)
SInv    +            (boots unavailable)
Will    ++...        l - amulet of faith
Stlth   ++           k - ring of positive energy
HPRegen 0.25/turn    n - ring of Fissi {Fly Will+}
MPRegen 0.11/turn

%: faith
@: flying, very quick
A: very small, no large weapons, unfitting armour, see invisible, speed 3
a: no special abilities


You were on level 6 of the Dungeon.
You visited 1 branch of the dungeon, and saw 6 of its levels.

You collected 306 gold pieces.


Innate Abilities, Weirdness & Mutations

You are very small and have problems with some larger weapons.
You are too small for most types of armour.
You have supernaturally acute eyesight. (SInv)
You cover ground extremely quickly. (Speed+++)


   Skills:
 + Level 2.0 Fighting
 - Level 8.5 Ranged Weapons
 - Level 7.0 Dodging
 - Level 1.5 Stealth


You had 6 spell levels left.
You didn't know any spells.
Your spell library was empty.

Inventory:

Hand Weapons
 j - a +1 orcbow of freezing (weapon)
Armour
 a - a +1 robe of cold resistance (worn)
Jewellery
 k - a ring of positive energy (left hand)
 l - an amulet of faith (around neck)
 m - an amulet of regeneration
 n - the ring of Fissi (right hand) {Fly Will+}
   (You found it on level 4 of the Dungeon)

   [ring of flight]

   Will+:     It increases your willpower.
   Fly:       It grants you flight.
Wands
 b - a wand of paralysis (5)
Potions
 g - a potion of enlightenment
 o - 2 potions of mutation

Dungeon Overview and Level Annotations

Branches:
Dungeon (6/15)
 Temple: D:4-7

Altars:
Xom

Shops:
D:1 =   D:2 (

Annotations:
D:6 Dowan, Duvessa


Message History

Waypoint 5 assigned to D:6.
You shoot an arrow. The arrow hits the orc!
The arrow freezes the orc.
You kill the orc!
You see here a +0 short sword.
You reach down and open the door.
Found a scroll of vulnerability.
There is an open door here.
You see here a scroll of vulnerability.
As you open the door, it creaks loudly!
There is an open door here.
As you open the door, it creaks loudly!
You hear a shout! x2
Duvessa, Dowan and an adder come into view.
Dowan is wielding a +0 dagger and wearing a +2 robe of positive energy.
There is an open door here.
You shoot an arrow. The arrow completely misses Dowan.
The adder hisses angrily.
You shoot an arrow. The arrow misses Dowan.
Dowan hits you with a +0 dagger.
You shoot an arrow. The arrow closely misses Dowan.
The adder bites you. Dowan hits you with a +0 dagger.
You shoot an arrow.
The arrow hits Dowan but does no damage.
The adder closely misses you. The adder bites you.
You shoot an arrow. The arrow hits Duvessa.
The arrow freezes Duvessa.
Duvessa is lightly wounded.
The adder bites you but does no damage.
You shoot an arrow. The arrow hits Duvessa.
The arrow freezes Duvessa.
Duvessa is moderately wounded.
The adder completely misses you. Duvessa hits you with a +0 short sword!
Dowan gestures at you while chanting. The puff of flame misses you.
The adder bites you but does no damage.
You shoot an arrow.
The arrow hits Duvessa but does no damage.
Duvessa is moderately wounded.
Duvessa says, "I don't care about looks, I care about technique!"
Duvessa completely misses you. The adder bites you.
Duvessa hits you with a +0 short sword. Dowan hits you with a +0 dagger.
You shoot an arrow. The arrow barely misses Duvessa.
The adder bites you. Duvessa hits you with a +0 short sword!
You die...

... ...# #####.# ...##
###.<##.###+##....#
#....#.......#....#
+....#.......#....#
#.)..#.......#....#
##'####......#e...+
#.###...##......@e...#
#.......'.......#S!..#
#......?#.......#....#
#+#####.####....#....#
#+# ######....# ....#
....# ....#


You could see Duvessa, Dowan and an adder.

Vanquished Creatures
  Grinder (D:5)
  Edmund (D:4)
  Blork the orc (D:4)
  2 scorpions
  A bombardier beetle (D:5)
  3 hounds
  A sleepcap (D:2)
  2 jellies
  An iguana (D:5)
  Natasha (D:3)
  An orc wizard (D:4)
  5 adders
  7 gnolls
  6 dart slugs
  A ribbon worm (D:5)
  6 orcs
  5 endoplasms
  4 giant cockroaches
  7 goblins
  A hobgoblin (D:1)
  6 kobolds
  A quokka (D:1)
  3 ball pythons
  4 bats
  2 frilled lizards (D:1)
  6 rats
79 creatures vanquished.

Notes
Turn   | Place    | Note
-------+----------+-------------------------------------------
     0 | D:1      | qw the Spriggan Hunter began the quest for the Orb.
     0 | D:1      | Reached XP level 1. HP: 10/10 MP: 2/2
     0 | D:1      | 0 ||| qw: Version: 0.3-a-157-g843a77d
     0 | D:1      | 0 ||| qw: Game counter: 3662
     0 | D:1      | 0 ||| qw: Melee chars always use a shield: true
     0 | D:1      | 0 ||| qw: God list: Okawaru
     0 | D:1      | 0 ||| qw: Allow faded altars: false
     0 | D:1      | 0 ||| qw: Do Orc after clearing Dungeon:15 true
     0 | D:1      | 0 ||| qw: Do second Lair branch before Depths: true
     0 | D:1      | 0 ||| qw: Lair rune preference: random
     0 | D:1      | 0 ||| qw: Goals: Normal
     0 | D:1      | 0 ||| PLANNING D:1-11
     2 | D:1      | Noticed a vampire
     4 | D:1      | Noticed a troll
     4 | D:1      | Noticed a tengu
     6 | D:1      | Noticed an oni
     8 | D:1      | Noticed a merfolk
     8 | D:1      | Noticed a naga
    10 | D:1      | Noticed a demigod
    10 | D:1      | Noticed a formicid
    12 | D:1      | Noticed a gargoyle
    12 | D:1      | Noticed a minotaur
    14 | D:1      | Noticed a draconian
    14 | D:1      | Noticed a felid
    16 | D:1      | Noticed a human
    18 | D:1      | Noticed an armataur
    20 | D:1      | Noticed a djinni
    20 | D:1      | Noticed an elf
    22 | D:1      | Noticed a vine stalker
    22 | D:1      | Noticed an octopode
    24 | D:1      | Noticed a demonspawn
    24 | D:1      | Noticed a ghoul
    26 | D:1      | Noticed a barachi
    26 | D:1      | Noticed a spriggan
    36 | D:1      | Reached skill level 3 in Dodging
   387 | D:1      | Reached XP level 2. HP: 14/14 MP: 3/3
   415 | D:1      | Found Lalirholl's Jewellery Shop.
   430 | D:1      | 430 ||| SHOPLISTING +6 ring of strength (468 gold, have
                  | 47).
   430 | D:1      | 430 ||| SHOPLISTING amulet of guardian spirit (390 gold,
                  | have 47).
   430 | D:1      | 430 ||| SHOPLISTING amulet of regeneration (390 gold, have
                  | 47).
   430 | D:1      | 430 ||| SHOPLISTING ring "Zudgho Paco" {MP+9 AC+4 Slay+3}
                  | (968 gold, have 47).
   430 | D:1      | 430 ||| SHOPLISTING ring of willpower (325 gold, have 47).
   633 | D:1      | 633 ||| READING 2 scrolls labelled EQASMIUWKOT.
   633 | D:1      | Identified 2 scrolls of acquirement
   633 | D:1      | 633 ||| ACQUIRING +1 orcbow of freezing
   633 | D:1      | Acquired a +1 orcbow of freezing
   635 | D:1      | 635 ||| SWAPPING to +1 orcbow of freezing.
   636 | D:1      | 636 ||| DROPPING +0 shortbow.
   637 | D:1      | 637 ||| READING scroll of acquirement.
   637 | D:1      | 637 ||| ACQUIRING +1 robe of cold resistance
   637 | D:1      | Acquired a +1 robe of cold resistance
   639 | D:1      | 639 ||| UPGRADING to +1 robe of cold resistance.
   649 | D:1      | 649 ||| DROPPING +0 robe.
   650 | D:1      | 650 ||| READING scroll labelled VIOHAYSIKA.
   650 | D:1      | 650 ||| IDENTIFYING purple potion
   651 | D:1      | 651 ||| READING scroll labelled SENTEBLAPH.
   654 | D:1      | 654 ||| READING scroll labelled HEDUAKHASOS.
   655 | D:1      | 655 ||| DRINKING 2 puce potions.
   656 | D:1      | 656 ||| DROPPING scroll of butterflies.
   657 | D:1      | 657 ||| DROPPING potion of magic.
   746 | D:2      | Identified the +10 scimitar "Roujewn" {venom, Int+4}
   801 | D:2      | Identified the +5 dagger "Hykhir" {flame, ^Drain rElec
                  | SInv}
   887 | D:2      | Reached XP level 3. HP: 15/18 MP: 4/4
   915 | D:2      | Reached skill level 5 in Ranged Weapons
  1123 | D:2      | Found Gediritz's Weapon Shop.
  1129 | D:2      | Found a faded altar of an unknown god.
  1217 | D:2      | Reached XP level 4. HP: 22/22 MP: 5/5
  1475 | D:2      | 1475 ||| READING scroll labelled HAWIOFEASTRIG.
  1576 | D:2      | 1576 ||| READING scroll labelled XUUSHR ZISICEIP.
  1578 | D:2      | 1578 ||| Stepping ~*~*~tactically~*~*~ (cloud).
  1585 | D:2      | HP: 5/22 [poisoned by you (poison gas)]
  1884 | D:3      | Reached XP level 5. HP: 26/26 MP: 6/6
  2215 | D:3      | Noticed Natasha
  2221 | D:3      | Killed Natasha
  2438 | D:3      | 2438 ||| UPGRADING to amulet of faith.
  2443 | D:3      | 2443 ||| UPGRADING to ring of positive energy.
  2444 | D:3      | 2444 ||| READING scroll labelled YTEYL TALURON.
  2445 | D:3      | 2445 ||| READING scroll labelled YGIGEO NIRCHU.
  2506 | D:4      | Noticed Blork the orc
  2519 | D:4      | Killed Blork the orc
  2520 | D:4      | Reached skill level 6 in Ranged Weapons
  2520 | D:4      | Reached XP level 6. HP: 24/30 MP: 7/7
  2916 | D:4      | Reached skill level 6 in Dodging
  2927 | D:4      | Identified the ring of Fissi {Fly Will+}
  2927 | D:4      | Noticed Edmund
  2939 | D:4      | Killed Edmund
  2940 | D:4      | Reached skill level 7 in Ranged Weapons
  3027 | D:4      | Reached XP level 7. HP: 33/35 MP: 8/8
  3244 | D:4      | 3244 ||| UPGRADING to ring of Fissi {Fly Will+}.
  3245 | D:4      | 3245 ||| READING scroll of identify.
  3245 | D:4      | 3245 ||| IDENTIFYING silvery potion
  3246 | D:4      | 3246 ||| READING scroll labelled BIASMOROHU.
  3247 | D:4      | 3247 ||| DRINKING 2 orange potions.
  3248 | D:4      | 3248 ||| DROPPING potion of brilliance.
  3255 | D:5      | Entered Level 5 of the Dungeon
  3391 | D:5      | 3391 ||| FLEEEEING.
  3392 | D:5      | 3392 ||| FLEEEEING.
  3393 | D:5      | 3393 ||| FLEEEEING.
  3394 | D:5      | 3394 ||| FLEEEEING.
  3395 | D:5      | 3395 ||| FLEEEEING.
  3396 | D:5      | 3396 ||| FLEEEEING.
  3398 | D:5      | 3398 ||| FLEEEEING.
  3399 | D:5      | 3399 ||| FLEEEEING.
  3400 | D:5      | 3400 ||| FLEEEEING.
  3403 | D:5      | 3403 ||| FLEEEEING.
  3404 | D:5      | 3404 ||| FLEEEEING.
  3405 | D:5      | 3405 ||| STAIRDANCE
  3507 | D:4      | 3507 ||| READING 2 scrolls of identify.
  3507 | D:4      | 3507 ||| IDENTIFYING murky cyan potion
  3508 | D:4      | 3508 ||| READING scroll of identify.
  3508 | D:4      | 3508 ||| IDENTIFYING pink potion
  3509 | D:4      | 3509 ||| DROPPING potion of lignification.
  3510 | D:4      | 3510 ||| DROPPING potion of attraction.
  3513 | D:5      | 3513 ||| STAIRDANCE
  3540 | D:5      | Noticed Grinder
  3555 | D:5      | HP: 3/35 [Grinder (9)]
  3555 | D:5      | HP: 1/35 [Grinder (2)]
  3556 | D:5      | 3556 ||| READING scroll of teleportation.
  3557 | D:5      | 3557 ||| DRINKING potion of heal wounds.
  3561 | D:5      | 3561 ||| FLEEEEING.
  3562 | D:5      | 3562 ||| FLEEEEING.
  3563 | D:5      | 3563 ||| FLEEEEING.
  3565 | D:5      | 3565 ||| STAIRDANCE
  3737 | D:5      | Found a shimmering altar of Xom.
  3927 | D:5      | Killed Grinder
  3928 | D:5      | Reached skill level 8 in Ranged Weapons
  3950 | D:5      | 3950 ||| READING scroll of identify.
  3950 | D:5      | 3950 ||| IDENTIFYING 2 fizzy pink potions
  4002 | D:6      | Noticed Duvessa
  4002 | D:6      | Noticed Dowan
  4009 | D:6      | HP: 8/35 [Duvessa/+0 short sword (4)]
  4010 | D:6      | Slain by Duvessa

Levels and vault maps discovered:
D:1:      kb_arrival_jail, layout_basic, serial_shops, shop
D:2:      layout_basic, serial_shops, shop, ebering_ecumenical_altar_mist,
          grunt_decor_one_mirror
D:3:      layout_loops_corners, uniq_natasha
D:4:      layout_cave_pods, uniq_blork_the_orc, uniq_edmund
D:5:      layout_cave_pools, dk_xom_monty_hall, uniq_grinder
D:6:      layout_gridville, minmay_temple_entry_glass, uniq_duvessa, uniq_pikel,
          uniq_sigmund

Skill      XL: |  1  2  3  4  5  6  7 |
---------------+----------------------+-----
Dodging        | 3 4 5 6 7 |  7.0
Ranged Weapons | 5 6 7 8 |  8.5
Fighting       | 2 |  2.0
Stealth        | |  1.5

Action                     |  1- 3 |  4- 6 |  7- 9 || total
---------------------------+-------+-------+-------++-------
   Fire: Shortbow          |    56 |       |       ||    56
         Orcbow            |    21 |    99 |    89 ||   209
    Use: Scroll            |     5 |     4 |     6 ||    15
         Potion            |     1 |       |     2 ||     3
 Armour: Robe              |     8 |     8 |    29 ||    45
  Dodge: Dodged            |    27 |    40 |    49 ||   116

Table legend:
 A = Non-vault XP
 B = Vault XP
 C = Vault XP percentage of total XP
 D = Non-vault monster count
 E = Vault monster count
 F = Vault count percentage of total count
                 A         B        C        D         E       F
            +---------+---------+-------+---------+---------+-------
      Total |     775 |     599 |  43.6 |      74 |       5 |   6.3
            +---------+---------+-------+---------+---------+-------
        D:1 |      29 |       0 |   0.0 |      19 |       0 |   0.0
        D:2 |     110 |       0 |   0.0 |      14 |       0 |   0.0
        D:3 |      93 |      35 |  27.3 |      13 |       1 |   7.1
        D:4 |     261 |     263 |  50.2 |      17 |       2 |  10.5
        D:5 |     279 |     301 |  51.9 |      10 |       2 |  16.7
        D:6 |       3 |       0 |   0.0 |       1 |       0 |   0.0
            +---------+---------+-------+---------+---------+-------
